 Dungeon Crawl Stone Soup version 0.22.0-6-g71bd7aa (webtiles) character file.

127 lukekx100 the Grave Robber (level 4, 0/36 HPs)
             Began as a Deep Dwarf Necromancer on Aug 14, 2018.
             Killed by divine providence
             ... invoked by an orc priest
              (9 damage)
             ... on level 3 of the Dungeon.
             The game lasted 00:07:53 (2563 turns).

lukekx100 the Grave Robber (Deep Dwarf Necromancer) Turns: 2563, Time: 00:07:53

Health: 0/36       AC:  2    Str: 13    XL:     4   Next: 85%
Magic:  2/6        EV: 13    Int: 15    God:
Gold:   52         SH:  2    Dex: 13    Spells: 3/8 levels left

rFire    . . .     SeeInvis .   (no weapon)
rCold    . . .     Gourm    .   (no shield)
rNeg     . . .     Faith    .   a - +0 robe
rPois    .         Spirit   .   (no helmet)
rElec    .         Reflect  +   (no cloak)
rCorr    .         Harm     .   (no gloves)
MR       .....                  (no boots)
Stlth    ++........             m - +2 amulet of reflection
HPRegen  0.00/turn              (no ring)
MPRegen  0.10/turn              (no ring)

@: non-regenerating
A: damage resistance, heal wounds, sense surroundings 1, no regeneration
a: Heal Wounds


You were on level 3 of the Dungeon.
You were not hungry.

You visited 1 branch of the dungeon, and saw 3 of its levels.

You collected 52 gold pieces.

Inventory:

Armour
 a - a +0 robe (worn)
Jewellery
 i - a -2 ring of protection
 m - a +2 amulet of reflection (around neck)
Scrolls
 d - a scroll of remove curse
 g - a scroll of enchant weapon
 h - a scroll of teleportation
 k - a scroll of fear {unknown}
 l - a scroll of enchant armour {unknown}
Potions
 b - 3 potions of curing {unknown}
 f - a potion of brilliance {unknown}
 j - a potion of berserk rage {unknown}
Comestibles
 c - 3 rations


   Skills:
 + Level 0.2 Fighting
 + Level 2.4 Dodging
 + Level 2.7 Stealth
 + Level 0.7 Unarmed Combat
 + Level 2.8 Spellcasting
 * Level 5.7 Necromancy


You had 3 spell levels left.
You knew the following spells:

 Your Spells              Type           Power        Failure   Level  Hunger
a - Pain                  Necr           ###.         1%          1    #......
b - Animate Skeleton      Necr           N/A          1%          1    #......
c - Vampiric Draining     Necr           ###.......   6%          3    ###....

Your spell library contained the following spells:

 Spells                   Type           Power        Failure   Level  Hunger
 Animate Dead             Necr           N/A          19%         4    #####..
 Regeneration             Chrm/Necr      ##........   19%         3    ###....


Dungeon Overview and Level Annotations

Branches:
Dungeon (3/15)

Altars:
Beogh


Innate Abilities, Weirdness & Mutations

You are resistant to damage.
You can heal yourself by infusing magical energy.
You passively map a small area around you.
You do not regenerate.


Message History

The orc priest hits you but does no damage.
You hit the orc priest.
The orc priest is lightly wounded.
The orc priest hits you.
You barely miss the orc priest.
The orc priest is lightly wounded.
The orc priest invokes the aid of Beogh against you.
Beogh smites you!
* * * LOW HITPOINT WARNING * * *
You barely miss the orc priest.
The orc priest is lightly wounded.
The orc priest closely misses you.
You hit the orc priest.
The orc priest is moderately wounded.
The orc priest barely misses you.
You barely miss the orc priest.
The orc priest is moderately wounded.
The orc priest invokes the aid of Beogh against you.
Beogh smites you!
You die...

* , #(≈# ≈ *
####.###≈.# , ≈ ,
.....##..≈#* , *
#######..#######*
##......>......#
...##########..#
* , #### #..#
######
#..###....#
#...@o.##'#
#.######,..# #.#
, o8$# * * #.#
$$.# #. $8$# * *
** * #.,, * ,o$##
, .. * ### ** , ,


You could see an orc priest.

Vanquished Creatures
  An orc priest (D:3)
  5 adders
  An ooze (D:2)
  A worm (D:2)
  A dart slug (D:1)
  A leopard gecko (D:1)
  2 orcs
  3 giant cockroaches
  6 goblins
  2 hobgoblins (D:2)
  4 jackals (D:2)
  A quokka (D:3)
  3 bats
  2 frilled lizards (D:2)
  5 kobolds
  7 rats
45 creatures vanquished.

Notes
Turn   | Place    | Note
-------+----------+-------------------------------------------
     0 | D:1      | lukekx100 the Deep Dwarf Necromancer began the quest for the Orb.
     0 | D:1      | Reached XP level 1. HP: 15/15 MP: 3/3
     2 | D:1      | Learned a level 1 spell: Animate Skeleton
   342 | D:1      | Reached XP level 2. HP: 22/22 MP: 3/5
  1020 | D:2      | Reached skill level 5 in Necromancy
  1020 | D:2      | Reached XP level 3. HP: 25/28 MP: 2/6
  1028 | D:2      | Learned a level 3 spell: Vampiric Draining
  1832 | D:2      | Reached XP level 4. HP: 31/36 MP: 1/6
  2527 | D:3      | Found a roughly hewn altar of Beogh.
  2563 | D:3      | Killed from afar by an orc priest

Skill      XL: |  1  2 |
---------------+-------+-----
Spellcasting   | 2 |  2.8
Necromancy     | 5 |  5.7
Fighting       | |  0.2
Dodging        | |  2.4
Stealth        | |  2.7
Unarmed Combat | |  0.7

Action                   |  1- 3 |  4- 6 || total
-------------------------+-------+-------++-------
Melee: Unarmed           |   181 |    45 ||   226
 Cast: Pain              |    46 |    18 ||    64
       Vampiric Draining |     1 |       ||     1
 Abil: Heal Wounds       |     7 |     2 ||     9
  Use: Scroll            |       |     3 ||     3
 Stab: Sleeping          |       |     1 ||     1
  Eat: Ration            |     1 |     1 ||     2
       Chunk             |       |     2 ||     2
Armor: Robe              |    32 |    12 ||    44
Dodge: Dodged            |   122 |    40 ||   162
Block: Other             |       |     5 ||     5
